woodfighter, neutral female human Tourist ---- ---------..--- |.`.`....`...--- |.......|`..`..| ---------|....`.| |.^^^^^^<|...`..| |(^--------)----- --^.@a..G|.`...| |..|a.>....``.| ---|...M|.....| ------------ woodfighter the Excursionist Experience level: 6 Strength: 11 Dexterity: 15 Constitution: 14 Intelligence: 14 Wisdom: 10 Charisma: 16 Health: 0(45) Energy: 20(20) Def: 0 Gold: 1183 Moves: 3250 Dungeon seed: y7ejRZkzrO2H2zSA Game ID: woodfighter_1528992263 Your Inventory: Coins $ - 1183 gold pieces Amulets Y - an uncursed amulet of restful sleep Weapons a - 39 +2 darts (in quiver) i - 11 +0 darts Armor e - an uncursed +0 Hawaiian shirt n - an uncursed +0 elven mithril-coat q - an uncursed +0 orcish helm r - a cursed -1 orcish helm Comestibles b - an uncursed orange d - an uncursed banana f - 3 uncursed tripe rations g - an uncursed carrot h - 3 uncursed food rations H - an uncursed pear U - 2 uncursed eggs Z - an uncursed lizard corpse Scrolls l - 6 uncursed scrolls of magic mapping p - a blessed scroll of destroy armor t - an uncursed scroll of identify G - an uncursed scroll of enchant armor I - 2 uncursed scrolls of earth Q - a blessed scroll of taming R - an uncursed scroll of stinking cloud Potions A - 2 uncursed potions of hallucination B - an uncursed potion of enlightenment C - a blessed potion of hallucination F - an uncursed potion of oil (lit) S - an uncursed potion of restore ability X - an uncursed potion of levitation Wands o - a wand of secret door detection (0:12) u - a wand of enlightenment (0:12) D - a wand of enlightenment (0:15) L - a wand of speed monster (0:6) P - a wand of striking (0:4) Tools m - an expensive camera (0:67) v - a bag of tricks (0:15) y - an uncursed skeleton key W - an uncursed wooden flute Spells and supernatural/magical abilities: Name Level Category Fail Memory W - pray for help -- divine ? -- Your skills at the end: Miscellaneous Skills wands [Basic] Weapon Skills dart [Basic] Spellcasting Skills Final Attributes: You were devoutly aligned. You were telepathic. You are dead. Vanquished creatures: a lizard a dust vortex 7 human zombies a baby crocodile a rock mole a straw golem a giant ant a floating eye a kitten an iguana 4 hill orcs a rothe a centipede a jitterbug a giant bat a monkey a dwarf zombie 2 hobbits a large kobold 3 geckos a hobgoblin 3 giant rats a yellow mold a red mold 3 gnomes a gnome zombie 3 jackals a fox 5 newts 6 goblins a sewer rat 12 grid bugs 3 lichens 2 kobold zombies 75 creatures vanquished. Voluntary challenges: You did not adorn yourself with jewelry or accessories. You did not cause conflict. You were not invisible. You did not have reflection. You were not displaced. You had been an atheist until turn 2322. You never hit with a wielded weapon. You did not apply a unicorn horn. You did not use plumbed fixtures. You read items or engraved 1 time, starting on turn 1758. You never genocided any monsters. You never polymorphed an object. You never changed form. You used no wishes. You never split a pudding. You never wrote Elbereth's name. You never violated your personal moral code. Dungeon overview: The Dungeons of Doom: levels 1 to 8 Level 1 a fountain a long staircase Level 2 a general store Level 3 a delicatessen, a fountain stairs to The Gnomish Mines Level 4 (vault) Level 5 a fountain Level 6 many fountains Level 7 (vault) stairs to Sokoban Level 8 The Gnomish Mines: Level 4 stairs to The Dungeons of Doom Sokoban: Level 6 <- You were here a magic chest stairs to The Dungeons of Doom History has recorded: On T:1 you entered the Dungeons of Doom to retrieve the Amulet of Yendor! On T:222 you reached level 2 of The Dungeons of Doom. On T:666 you advanced to experience level 2. On T:694 you reached level 3 of The Dungeons of Doom. On T:919 you reached level 4 of The Dungeons of Doom. On T:934 you advanced to experience level 3. On T:972 you reached level 1 of The Gnomish Mines. On T:1580 you reached level 5 of The Dungeons of Doom. On T:1595 you advanced to experience level 4. On T:1884 you reached level 6 of The Dungeons of Doom. On T:2311 you advanced to experience level 5. On T:2322 you prayed to The Lady. On T:2672 you reached level 7 of The Dungeons of Doom. On T:2874 you advanced to experience level 6. On T:2921 you prayed to The Lady. On T:2930 you reached level 8 of The Dungeons of Doom. On T:3201 you reached level 4 of Sokoban. Score breakdown: Gold: 617 ( 61 points) Experience: 6 levels ( 500 points) Exploration: 8 levels ( 210 points) Discoveries: 19 items ( 950 points) Variety of kills: 34 monsters ( 1700 points) Major goal: (nothing yet) ( 0 points) Survival: died (score multiplied by 3) Total score: 10263 Latest messages: Aloha woodfighter, the human Tourist, welcome back to NetHack! Be careful! New moon tonight. With great effort you move the boulder. The boulder fills a pit. With great effort you move the boulder. The boulder fills a pit. You have a little trouble lifting I - a scroll labeled THARR. (2x) The dart hits the fire ant! The fire ant bites! (2x) You're on fire! The fire ant bites! (2x) You're on fire! The fire ant bites! (2x) You're on fire! You feel much better. The fire ant bites! (2x) You're on fire! The fire ant bites! (2x) You're on fire! The fire ant bites! (2x) You're on fire! The fire ant bites! (2x) You're on fire! The fire ant bites! You die... Final status: Aloha woodfighter the Tourist, killed by a fire ant... You died in Sokoban on dungeon level 6 with 10263 points, and 1183 pieces of gold, after 3250 moves. You were level 6 with a maximum of 45 hit points when you died.